 Dungeon Crawl Stone Soup version 0.22.0-60-ga52c2fc (webtiles) character file.

92 redwoodhats the Cudgeler (level 4, 0/28 HPs)
             Began as a Gargoyle Monk on Sept 11, 2018.
             Slain by a gnoll
             ... wielding a +0 spear
              (3 damage)
             ... on level 2 of the Dungeon.
             The game lasted 00:10:22 (1003 turns).

redwoodhats the Cudgeler (Gargoyle Monk)            Turns: 1003, Time: 00:10:23

Health: 0/28       AC: 10    Str: 15    XL:     4   Next: 60%
Magic:  4/4        EV:  9    Int: 11    God:
Gold:   48         SH:  8    Dex: 12    Spells: 3/3 levels left

rFire    . . .     SeeInvis .   t - +0 mace
rCold    . . .     Gourm    .   f - +0 shield
rNeg     + . .     Faith    .   l - +0 ring mail
rPois    ∞         Spirit   .   v - +0 helmet
rElec    +         Reflect  .   u - +0 cloak
rCorr    .         Harm     .   (no gloves)
MR       .....                  (no boots)
Stlth    +.........             (no amulet)
HPRegen  0.09/turn              (no ring)
MPRegen  0.09/turn              (no ring)

@: no status effects
A: negative energy resistance 1, electricity resistance, unbreathing,
petrification resistance, rot immunity, AC +3
a: no special abilities


You were on level 2 of the Dungeon.
You were hungry.

You visited 1 branch of the dungeon, and saw 2 of its levels.

You collected 48 gold pieces.

Inventory:

Hand Weapons
 a - a +0 mace
 k - a +0 dagger
 n - a +2 antimagic dagger
 p - a +0 hand axe
 t - a +0 mace (weapon)
Missiles
 d - 62 stones (quivered)
Armour
 b - a +0 robe
 f - a +0 shield (worn)
 j - a +0 ring mail
 l - a +0 ring mail (worn)
 u - a +0 cloak (worn)
 v - a +0 helmet (worn)
Scrolls
 g - 2 scrolls of random uselessness {unknown}
 h - a scroll of identify {unknown}
 m - 2 scrolls of remove curse {unknown}
Potions
 e - a potion of resistance {unknown}
 o - a potion of haste {unknown}
 q - a potion of curing {unknown}
 r - a potion of berserk rage {unknown}
 s - a potion of degeneration {unknown}
 w - a potion of magic {unknown}
Comestibles
 c - 2 rations
 i - 2 chunks of flesh


   Skills:
 + Level 3.5 Fighting
 + Level 4.1 Maces & Flails
 + Level 0.5 Armour
 + Level 2.7 Dodging
 + Level 2.3 Stealth
 + Level 2.0 Shields


You had 3 spell levels left.
You didn't know any spells.
Your spell library was empty.

Dungeon Overview and Level Annotations

Branches:
Dungeon (2/15)

Altars:


Innate Abilities, Weirdness & Mutations

You are resistant to torment.
Your stone body is resilient. (AC +3)
You are immune to poison.
You resist negative energy. (rN+)
You are resistant to electric shocks. (rElec)
You can survive without breathing.
You are immune to petrification.
You are immune to rotting.


Message History

You hit the leopard gecko.
The leopard gecko is severely wounded.
The gnoll closely misses you. You block the leopard gecko's attack.
The leopard gecko bites you but does no damage.
You hit the leopard gecko.
You kill the leopard gecko!
You block the gnoll's attack.
You hit the hobgoblin.
The hobgoblin is heavily wounded.
The hobgoblin hits you but does no damage.
The gnoll hits you but does no damage. You block the gnoll's attack.
The hobgoblin hits you but does no damage.
You hit the hobgoblin.
The hobgoblin is severely wounded.
You block the gnoll's attack.
The hobgoblin hits you but does no damage.
You barely miss the hobgoblin.
The hobgoblin is severely wounded.
The gnoll hits you from afar with a spear.
You die...

.♣P..#..# ####.....##
#..♣P#..# #....##
.#....P..# #....#
.P..P.PP.#######......
.....≈..(♣...#......#...
....≈≈≈≈≈...#[..?....#
##..♣♣≈≈≈≈............
..P≈≈≈♣≈))..........
..♣♣≈≈@P##†.......#
....≈♣≈♣gg..#(.....#
.#..♣≈.P....#......#
#.P..?............#
........###.#######
..$.P....# .# .........#
.. .##...#### ##. ..##
##


You could see a gnoll and a hobgoblin.

Vanquished Creatures
  Natasha (D:2)
  2 gnolls (D:2)
  An adder (D:2)
  A worm (D:2)
  A dart slug (D:1)
  5 leopard geckos
  4 bats (D:1)
  4 giant cockroaches
  A goblin (D:1)
  2 hobgoblins (D:1)
  2 kobolds (D:1)
  3 frilled lizards
  4 rats
31 creatures vanquished.

Notes
Turn   | Place    | Note
-------+----------+-------------------------------------------
     0 | D:1      | redwoodhats the Gargoyle Monk began the quest for the Orb.
     0 | D:1      | Reached XP level 1. HP: 14/14 MP: 1/1
   186 | D:1      | Reached XP level 2. HP: 15/19 MP: 2/2
   559 | D:1      | Reached skill level 1 in Shields
   564 | D:1      | Reached XP level 3. HP: 23/23 MP: 3/3
   955 | D:2      | Noticed Natasha
   981 | D:2      | Killed Natasha
   981 | D:2      | Reached skill level 4 in Maces & Flails
   981 | D:2      | Reached XP level 4. HP: 21/28 MP: 4/4
  1003 | D:2      | Slain by a gnoll

Skill      XL: |  1  2  3  4 |
---------------+-------------+-----
Shields        | 1 2 |  2.0
Maces & Flails | 4 |  4.1
Fighting       | |  3.5
Armour         | |  0.5
Dodging        | |  2.7
Stealth        | |  2.3

Action                   |  1- 3 |  4- 6 || total
-------------------------+-------+-------++-------
Melee: Mace              |   102 |    13 ||   115
 Stab: Sleeping          |     1 |       ||     1
Armor: Robe              |    21 |       ||    21
       Skin              |     2 |       ||     2
       Ring mail         |    42 |    11 ||    53
Dodge: Dodged            |    43 |     9 ||    52
Block: Shield            |    60 |    13 ||    73
